 Dungeon Crawl Stone Soup version 0.30-a0-737-gf23d94013f (webtiles) character file.

Game seed: 3741999600711686972

44 Leeroy the Slasher (level 3, 0/18 HPs)
             Began as a Vine Stalker Warper on Feb 2, 2023.
             Succumbed to an adder's poison
             ... on level 3 of the Dungeon.
             The game lasted 00:01:47 (1772 turns).

Leeroy the Slasher (Vine Stalker Warper)            Turns: 1772, Time: 00:01:48

Health: 0/18       AC:  3    Str: 13    XL:     3   Next: 62%
Magic:  1/7        EV: 11    Int: 13    God:
Gold:   108        SH:  0    Dex: 15    Spells: 6/6 levels left

rFire   . . .      SeeInvis .    r - +2 dagger (speed)
rCold   . . .      Faith    .    (no shield)
rNeg    . . .      Spirit   +    b - +0 leather armour
rPois   .          Reflect  .    (no helmet)
rElec   .          Harm     .    (no cloak)
rCorr   .          Rampage  .    (no gloves)
Will    .....                    (no boots)
Stlth   +                        (no amulet)
HPRegen 0.23/turn                (no ring)
MPRegen 0.10/turn                (no ring)

@: lethally poisoned (0 -> -4)
A: fangs 2, magic shield, antimagic bite, no potion heal 2
a: no special abilities


You were on level 3 of the Dungeon.
You visited 1 branch of the dungeon, and saw 3 of its levels.

You collected 108 gold pieces.

Inventory:

Hand Weapons
 a - a +0 falchion
 m - a +0 whip of electrocution
 r - a +2 dagger of speed (weapon)
Missiles
 d - 7 boomerangs of dispersal (quivered)
 k - 2 javelins
 o - 5 poisoned darts
Armour
 b - a +0 leather armour (worn)
Jewellery
 u - a ring of poison resistance
Scrolls
 c - a scroll of blinking
 f - a scroll of poison {unknown}
 j - a scroll of magic mapping {unknown}
 l - a scroll of identify {unknown}
 q - a scroll of brand weapon {unknown}
 t - a scroll of noise {unknown}
Potions
 e - a potion of resistance {unknown}
 g - a potion of ambrosia {unknown}
 h - a potion of heal wounds
 i - a potion of flight {unknown}
 n - 2 potions of attraction {unknown}
 p - a potion of cancellation {unknown}
 s - 2 potions of haste {unknown}


   Skills:
 - Level 1.7 Fighting
 + Level 3.5 Long Blades
 - Level 0.8 Throwing
 - Level 0.7 Armour
 - Level 1.5 Dodging
 - Level 2.1 Spellcasting
 - Level 3.0 Translocations


You had 6 spell levels left.
You didn't know any spells.
Your spell library contained the following spells:

 Spells                   Type           Power      Damage    Failure   Level
 Blink                    Tloc           18%        N/A       14%         2
 Lesser Beckoning         Tloc           18%        N/A       14%         2
 Teleport Other           Tloc           9%         N/A       28%         3
 Vhi's Electric Charge    Tloc/Air       10%        N/A       45%         3
 Manifold Assault         Tloc           9%         N/A       67%         4


Dungeon Overview and Level Annotations

Branches:
Dungeon (3/15)

Altars:

Shops:
D:1 *


Innate Abilities, Weirdness & Mutations

You have extremely sharp teeth.
When hurt, damage is shared between your health and your magic reserves.
Your bite disrupts and absorbs the magic of your enemies.
Potions cannot restore your health.


Message History

You hit the bat.
You kill the bat!
No target in view!
u - a ring of poison resistance No target in view!
You open the door.
There is an open door here.
An adder and a kobold come into view.
The kobold is wielding a +2 short sword of electrocution.
The kobold shouts!
There are monsters nearby!
The adder hisses angrily.
The kobold hits you with a +2 short sword of electrocution.
You barely miss the adder. You bite the adder. You drain its power.
The adder is moderately wounded.
The adder bites you but does no damage.
The kobold hits you with a +2 short sword of electrocution.
You barely miss the adder.
The adder is moderately wounded.
The adder bites you.
You are poisoned.
The adder poisons you!
You hit the adder but do no damage.
The adder is moderately wounded.
You feel sick.
The kobold hits you with a +2 short sword of electrocution.
You are electrocuted!
Ouch! That really hurt!
* * * LOW HITPOINT WARNING * * *
You are too injured to fight recklessly!
You are too injured to fight recklessly!
You are too injured to fight recklessly!
You are too injured to fight recklessly!
Blink to where?
Press: ? - help, Dir - move target
As you read the scroll of blinking, it crumbles to dust.
* * * LOW HITPOINT WARNING * * *
You feel sick.
It was a potion of heal wounds.
That seemed strangely inert.
You die...

## ####♣~♣ # #....P♣P# ..#
##...~P~PP ..#.# #....~P≈≈♣
..#.#. #.§..~~P~~
..#.#.############S....~~♣#
..#.#.#.........@.....♣~~#
..#.#.#.#############.# ##
..#.#.#.#...# .#
............# .#
......#.##### # .♣P...'.#
♣~~...###### ~~♣P.........
~♣~♣..#######


You could see an adder.

Vanquished Creatures
  4 endoplasms
  A giant cockroach (D:2)
  7 goblins
  3 hobgoblins
  2 jackals (D:1)
  3 quokkas (D:1)
  4 ball pythons
  5 bats
  3 frilled lizards
  3 kobolds (D:2)
  6 rats
41 creatures vanquished.

Vanquished Creatures (others)
  A plant (D:3)
1 creature vanquished.

Grand Total: 42 creatures vanquished

Notes
Turn   | Place    | Note
-------+----------+-------------------------------------------
     0 | D:1      | Leeroy the Vine Stalker Warper began the quest for the Orb.
     0 | D:1      | Reached XP level 1. HP: 11/11 MP: 4/4
    11 | D:1      | Noticed a minotaur zombie
   103 | D:1      | Found Kinty's General Store.
   386 | D:1      | Reached XP level 2. HP: 15/15 MP: 6/6
   812 | D:1      | Reached XP level 3. HP: 10/18 MP: 2/7
  1772 | D:3      | Succumbed to an adder's poison

Illustrated notes

Levels and vault maps discovered:
D:1:      shiori_arrival_whats_in_store_for_you, layout_basic, serial_shops,
          nicolae_shop_hallway_plus, hangedman_decor_opposing,
          minmay_misc_feat_roman, kennysheep_decorative_pillar, minivault_14,
          minmay_hedge_maze, nrook_campfire, kennysheep_small_spiral
D:2:      layout_basic, chequers_serial_rivers_marsh, kennysheep_generic_room_3
D:3:      layout_basic, serial_bayou, serial_bayou_pond_a, serial_bayou_shore_b,
          serial_bayou_shore_b, serial_bayou_crossing, serial_bayou_shore_b,
          uniq_sigmund, uniq_robin

Skill      XL: |  1  2 |
---------------+-------+-----
Long Blades    | 2 3 |  3.5
Fighting       | |  1.7
Throwing       | |  0.8
Armour         | |  0.7
Dodging        | |  1.5
Spellcasting   | |  2.1
Translocations | |  3.0

Action                     || total
---------------------------++-------
  Melee: Falchion          ||   105
         Bite              ||    27
         Dagger            ||    10
    Use: Scroll            ||     1
         Potion            ||     1
 Armour: Leather armour    ||    31
  Dodge: Dodged            ||    78

Table legend: (Time is in decaauts)
 A = Elapsed time spent in this place.
 B = Non-inter-level travel time spent in this place.
 C = Inter-level travel time spent in this place.
 D = Time resting spent in this place.
 E = Time spent auto-exploring this place.
 F = Levels seen in this place.
 G = Mean time per level.
                   A        B        C        D        E       F      G
               +--------+--------+--------+--------+--------+-----+--------+
         Total |   1788 |   1729 |     59 |      0 |   1411 |   3 |  596.0 |
       Dungeon |   1788 |   1729 |     59 |      0 |   1411 |   3 |  596.0 |
               +--------+--------+--------+--------+--------+-----+--------+

Top non-repeatable levels by time:
     D:1: 976 daAuts
     D:2: 740 daAuts
     D:3: 71 daAuts
